 Dungeon Crawl Stone Soup version 0.30-a0-358-g0d69a1922f (webtiles) character file.

Game seed: 7653143146751280966

12 mcsnuffy the Poker (level 2, 22/22 HPs)
             Began as a Demonspawn Gladiator on Nov 5, 2022.
             Quit the game on level 2 of the Dungeon on Nov 8, 2022.
             The game lasted 00:06:49 (280 turns).

mcsnuffy the Poker (Demonspawn Gladiator)            Turns: 280, Time: 00:06:50

Health: 22/22      AC:  9    Str: 14    XL:     2   Next: 20%
Magic:  2/2        EV:  6    Int:  9    God:
Gold:   7          SH:  0    Dex: 14    Spells: 1/1 levels left

rFire   . . .      SeeInvis .    a - +0 trident
rCold   . . .      Faith    .    (no shield)
rNeg    . . .      Spirit   .    i - +0 chain mail
rPois   .          Reflect  .    c - +0 helmet
rElec   .          Harm     .    (no cloak)
rCorr   .          Rampage  .    (no gloves)
Will    .....                    (no boots)
Stlth   ..........               (no amulet)
HPRegen 0.23/turn                (no ring)
MPRegen 0.08/turn                (no ring)

@: no status effects
A: ignite blood 1
a: no special abilities


You were on level 2 of the Dungeon.
You visited 1 branch of the dungeon, and saw 2 of its levels.

You collected 7 gold pieces.


Innate Abilities, Weirdness & Mutations

Your demonic aura sometimes causes spilled blood to erupt in flames.


   Skills:
 - Level 2.0 Fighting
 + Level 3.3 Polearms
 - Level 1.7 Throwing
 - Level 2.6 Dodging


You had one spell level left.
You didn't know any spells.
Your spell library was empty.

Inventory:

Hand Weapons
 a - a +0 trident (weapon)
Missiles
 d - 3 throwing nets {=f}
 e - a javelin
 f - 5 silver javelins
 k - 6 stones (quivered)
Armour
 b - a +0 leather armour
 c - a +0 helmet (worn)
 h - a +0 ring mail
 i - a +0 chain mail (worn)
Scrolls
 j - 2 scrolls of teleportation {unknown}
Potions
 g - a potion of mutation {unknown}

Dungeon Overview and Level Annotations

Branches:
Dungeon (2/15)

Altars:
Ru

####### #.....##
#......# #......#
#...@..# #......#
#......# ########
#......# #......#
#.....## #.)....#
#.....# #......#
#†....#
#......#####.....##
#...................


There were no monsters in sight!


Message History

The stone hits the kobold but does no damage.
You reach to attack!
You barely miss the kobold. You miss the kobold.
The kobold hits you but does no damage.
You barely miss the kobold.
The kobold hits you but does no damage. x2
You closely miss the kobold. The kobold hits you but does no damage.
You barely miss the kobold. The kobold hits you but does no damage.
You hit the kobold.
You kill the kobold!
No target in view!
You see here a +0 dagger.
A rat comes into view.
Found a sacrificial altar of Ru.
You reach to attack!
You hit the rat but do no damage. You closely miss the rat.
The rat bites you but does no damage.
You completely miss the rat. The rat bites you but does no damage.
The rat barely misses you.
You puncture the rat!
You kill the rat!
You see here a rat corpse.
There is a sacrificial altar of Ru here.
You kneel at the altar of Ru.
Options error: Bad monster_list_colour key: strict_neutral (~/.crawlrc:48) Bad channel name for runrest: 'pray:' Welcome back, mcsnuffy the Demonspawn Gladiator.
Press ? for a list of commands and other information.
Unknown command.
Press < or > to pray at altars.
Are you sure you want to abandon this character and quit the game? (Confirm with "yes".)
Okay, then.
Are you sure you want to abandon this character and quit the game? (Confirm with "yes".)

Skill      XL: |  1 |
---------------+----+-----
Polearms       | 3 |  3.3
Fighting       | |  2.0
Throwing       | |  1.7
Dodging        | |  2.6

Action                   || total
-------------------------++-------
Melee: Trident           ||    35
Throw: Stone             ||     1
Armor: Leather armour    ||     8
       Chain mail        ||     7
Dodge: Dodged            ||     6

Levels and vault maps discovered:
D:1:      dpeg_arrival_tiny_h, layout_rooms
D:2:      layout_rooms, basic_altar

Notes
Turn   | Place    | Note
-------+----------+-------------------------------------------
     0 | D:1      | mcsnuffy the Demonspawn Gladiator began the quest for the
                  | Orb.
     0 | D:1      | Reached XP level 1. HP: 16/16 MP: 1/1
    69 | D:1      | Reached skill level 3 in Polearms
   150 | D:2      | Gained mutation: Your demonic aura sometimes causes spilled
                  | blood to erupt in flames. [demonic ancestry]
   150 | D:2      | Reached XP level 2. HP: 22/22 MP: 2/2
   268 | D:2      | Found a sacrificial altar of Ru.
   280 | D:2      | Upgraded the game from 0.30-a0-341-g682706514a to
                  | 0.30-a0-358-g0d69a1922f
   280 | D:2      | Quit the game

Vanquished Creatures
  A dart slug (D:2)
  A ball python (D:2)
  An endoplasm (D:1)
  A hobgoblin (D:2)
  2 kobolds
  A quokka (D:1)
  2 bats
  A rat (D:2)
10 creatures vanquished.

Table legend: (Time is in decaauts)
 A = Elapsed time spent in this place.
 B = Non-inter-level travel time spent in this place.
 C = Inter-level travel time spent in this place.
 D = Time resting spent in this place.
 E = Time spent auto-exploring this place.
 F = Levels seen in this place.
 G = Mean time per level.
                   A        B        C        D        E       F      G
               +--------+--------+--------+--------+--------+-----+--------+
         Total |    285 |    285 |      0 |      0 |     52 |   2 |  142.5 |
       Dungeon |    285 |    285 |      0 |      0 |     52 |   2 |  142.5 |
               +--------+--------+--------+--------+--------+-----+--------+

Top non-repeatable levels by time:
     D:2: 166 daAuts
     D:1: 119 daAuts

Table legend:
 A = Non-vault XP
 B = Vault XP
 C = Vault XP percentage of total XP
 D = Non-vault monster count
 E = Vault monster count
 F = Vault count percentage of total count
                 A         B        C        D         E       F
            +---------+---------+-------+---------+---------+-------
      Total |      18 |       0 |   0.0 |      10 |       0 |   0.0
            +---------+---------+-------+---------+---------+-------
        D:1 |       7 |       0 |   0.0 |       4 |       0 |   0.0
        D:2 |      11 |       0 |   0.0 |       6 |       0 |   0.0
            +---------+---------+-------+---------+---------+-------
